 Dungeon Crawl Stone Soup version 0.23-a0-407-g92528d7c89 (console) character file.

137 Abuh the Skirmisher (level 5, 0/34 HPs)
             Began as a Gargoyle Berserker on Apr 5, 2017.
             Was a Believer of Trog.
             Killed from afar by an orc wizard (6 damage)
             ... with a magic dart
             ... on level 3 of the Dungeon on Nov 7, 2018.
             The game lasted 00:06:57 (2901 turns).

Abuh the Skirmisher (Gargoyle Berserker)            Turns: 2901, Time: 00:06:58

Health: 0/34       AC:  9    Str: 21    XL:     5   Next: 20%
Magic:  5/5        EV: 11    Int:  8    God:    Trog [**....]
Gold:   113        SH:  0    Dex:  9    Spells: 4/4 levels left

rFire    . . .     SeeInvis .   a - +0 mace
rCold    + . .     Gourm    .   (no shield)
rNeg     + . .     Faith    .   n - +0 ring mail
rPois    ∞         Spirit   .   (no helmet)
rElec    +         Reflect  .   (no cloak)
rCorr    .         Harm     .   (no gloves)
MR       .....                  (no boots)
Stlth    ..........             (no amulet)
HPRegen  0.11/turn              k - ring of protection from cold
MPRegen  0.09/turn              (no ring)

@: no status effects
A: negative energy resistance 1, electricity resistance, unbreathing,
petrification resistance, rot immunity, AC +4
a: Berserk, Trog's Hand, Renounce Religion


You were on level 3 of the Dungeon.
You worshipped Trog.
Trog was pleased with you.
You were hungry.

You visited 1 branch of the dungeon, and saw 3 of its levels.

You collected 113 gold pieces.

Inventory:

Hand Weapons
 a - a +0 mace (weapon)
Armour
 b - a +0 animal skin
 f - a +0 ring mail
 n - a +0 ring mail (worn)
Jewellery
 k - a ring of protection from cold (left hand)
Scrolls
 e - 3 scrolls of identify {unknown}
 g - a scroll of enchant weapon {unknown}
 i - a scroll of magic mapping {unknown}
 j - a scroll of fear {unknown}
 o - a scroll of remove curse {unknown}
Potions
 d - a potion of berserk rage {unknown}
 h - 2 potions of curing {unknown}
 l - 2 potions of resistance {unknown}
 m - a potion of might {unknown}
 p - a potion of brilliance {unknown}
Comestibles
 c - 3 rations
 q - a chunk of flesh


   Skills:
 * Level 4.3 Fighting
 + Level 3.9 Maces & Flails
 + Level 3.0 Armour
 + Level 2.6 Dodging


You had 4 spell levels left.
You didn't know any spells.
Your spell library was empty.

Dungeon Overview and Level Annotations

Branches:
Dungeon (3/15)

Altars:


Innate Abilities, Weirdness & Mutations

You are resistant to torment.
Your stone body is resilient. (AC +4)
You are immune to poison.
You resist negative energy. (rN+)
You are resistant to electric shocks. (rElec)
You can survive without breathing.
You are immune to petrification.
You are immune to rotting.


Message History

The goblin closely misses you. The orc hits you with a +0 flail.
You barely miss the orc.
The orc is heavily wounded.
The orc barely misses you. The goblin hits you but does no damage.
Something The orc closely misses you.
You hit the orc.
You kill the orc!
Trog accepts your kill. The goblin hits you.
* * * LOW HITPOINT WARNING * * *
You hear some strange, mumbled words.
A magic dart appears from out of thin air!
The magic dart hits you!
* * * LOW HITPOINT WARNING * * *
The orc completely misses you.
You hit the orc but do no damage. The goblin hits you but does no damage.
You hear some strange, mumbled words.
A magic dart appears from out of thin air!
The magic dart hits you!
You die...

#..#.# # #....#
###.##....#####.
........).......
###.##..#.#####(
#..#.# # #.<).#
#. ###.###
#.##.##.#.#
##....)o...###
......†@.....+
#####.{g..####
........##
##.####.# .. #.#
.. #.# . #.# ..#


You could see an orc and a goblin.

Vanquished Creatures
  An orc priest (D:3)
  4 adders (D:2)
  2 oozes
  3 worms (D:2)
  A dart slug (D:3)
  A leopard gecko (D:2)
  An orc (D:3)
  4 bats
  2 giant cockroaches
  5 goblins
  6 hobgoblins
  A ball python (D:2)
  5 frilled lizards
  13 kobolds
  5 rats
54 creatures vanquished.

Notes
Turn   | Place    | Note
-------+----------+-------------------------------------------
     0 | D:1      | Abuh the Gargoyle Berserker began the quest for the Orb.
     0 | D:1      | Reached XP level 1. HP: 14/14 MP: 1/1
   188 | D:1      | Upgraded the game from 0.20-a0-957-g47ad1fd to
                  | 0.20-a0-1000-g0e8f6bb
   211 | D:1      | Reached XP level 2. HP: 14/19 MP: 2/2
   854 | D:1      | Reached XP level 3. HP: 23/23 MP: 3/3
  1198 | D:2      | Reached ** piety under Trog
  1871 | D:2      | Reached XP level 4. HP: 28/29 MP: 4/4
  2010 | D:2      | Reached skill level 4 in Fighting
  2895 | D:3      | Reached XP level 5. HP: 24/34 MP: 5/5
  2901 | D:3      | Killed from afar by an orc wizard

Vault maps used:
D:1:      minmay_arrival_widening_spiral_wide, minmay_fountain_box
D:3:      old_standard_altar, cheibriados_altar_1, marbit_many_paths

Skill      XL: |  1  2  3  4 |
---------------+-------------+-----
Dodging        | 2 |  2.6
Fighting       | 4 |  4.3
Armour         | 3 |  3.0
Maces & Flails | |  3.9

Action                   |  1- 3 |  4- 6 || total
-------------------------+-------+-------++-------
Melee: Mace              |   125 |    74 ||   199
  Eat: Chunk             |     3 |     3 ||     6
Armor: Animal skin       |     7 |       ||     7
       Ring mail         |    41 |    48 ||    89
Dodge: Dodged            |    72 |    50 ||   122

Table legend:
 A = Non-vault XP
 B = Vault XP
 C = Vault XP percentage of total XP
 D = Non-vault monster count
 E = Vault monster count
 F = Vault count percentage of total count
                 A         B        C        D         E       F
            +---------+---------+-------+---------+---------+-------
      Total |      54 |       0 |   0.0 |       7 |       0 |   0.0
            +---------+---------+-------+---------+---------+-------
        D:3 |      54 |       0 |   0.0 |       7 |       0 |   0.0
            +---------+---------+-------+---------+---------+-------
